AoeStats
← Nikke1900

Hideout

510123960Analyzed
1v1 RM · 2d ago on Sep 29, 2026· 41m 19s· 2 players
Game mode
Random Map
Map size
Tiny (2 player)
Population
200
Speed
Normal
Resources
Standard
Victory
Conquest
Starting age
Dark Age
Ending age
Imperial Age
RankedLock teamsTeams togetherTeam positionsShared explorationLock speedFull tech treeHidden civsTurbo modeCheats
Victory
Defeat
🇩🇪 Bulgarians · Germany
1322
+17
🇲🇽 Japanese · Mexico
1349
-17
Nikke1900
6:25 Loom
8:58 Feudal Age
9:38 Double-Bit Axe
10:19 Town Watch
11:12 Wheelbarrow
20:16 Castle Age
18:27 Arson
19:13 Scale Mail Armor
20:43 Forging
20:56 Gambesons
21:55 Squires
23:55 Chain Mail Armor
29:26 Iron Casting
28:42 Fletching
34:08 Bodkin Arrow
EDGAR_MAGNO_29
5:51 Loom
8:37 Feudal Age
10:21 Man-at-Arms
15:58 Horse Collar
18:45 Double-Bit Axe
21:55 Fletching
26:27 Castle Age
24:56 Gold Mining
28:59 Scale Mail Armor
37:23 Chain Mail Armor
37:35 Bodkin Arrow
40:27 Wheelbarrow
Connection lost

Rejoining the realm…

Still unreachable

The connection could not be restored.

Session expired

The server has moved on; the page needs a fresh start.